 Dungeon Crawl Stone Soup version 0.31-a0-325-g067879e3d3 (webtiles) character file.

Game seed: 7797866096281656133

23 Essalna the Trooper (level 2, 31/31 HPs)
             Began as an Ogre Shapeshifter on July 18, 2023.
             Got out of the dungeon alive.
             The game lasted 00:01:11 (556 turns).

Essalna the Trooper (Ogre Shapeshifter)              Turns: 556, Time: 00:01:12

Health: 31/31      AC:  3    Str: 18    XL:     2   Next: 95%
Magic:  2/2        EV: 10    Int:  9    God:
Gold:   47         SH:  0    Dex:  9    Spells: 1/1 levels left

rFire   . .          .
                       - Unarmed
rCold   . . .        (no shield)
rNeg    . . .        a - +0 animal skin
rPois   .            (helmet currently unavailable)
rElec   .            (cloak currently unavailable)
rCorr   .            (gloves unavailable)
SInv    .            (boots unavailable)
Will    .....        (no amulet)
Stlth   +            (no ring)
HPRegen 0.25/turn    (no ring)
MPRegen 0.08/turn

%: no passive effects
@: beast-form
A: beast (slay +2), large, unfitting armour, tough skin 1
a: Begin Untransformation


You escaped.
You were a hulking beast.
You visited 1 branch of the dungeon, and saw 1 of its levels.

You collected 47 gold pieces.

Inventory:

Armour
 a - a +0 animal skin (worn)
 e - a +0 cloak
Talismans
 c - a beast talisman
Potions
 b - a potion of lignification
 d - a potion of degeneration {unknown}
 f - a potion of curing {unknown}
 h - 2 potions of enlightenment {unknown}


   Skills:
 + Level 3.2 Fighting
 + Level 2.1 Dodging
 + Level 2.1 Unarmed Combat
 + Level 3.1 Shapeshifting


You had one spell level left.
You didn't know any spells.
Your spell library contained the following spells:

 Spells                   Type           Power      Damage    Failure   Level
 Blink                    Tloc           0%         N/A       52%         2
 Lesser Beckoning         Tloc           0%         N/A       52%         2
 Momentum Strike          Conj/Tloc      0%         3d8       52%         2


Dungeon Overview and Level Annotations

Branches:
Dungeon (1/15)

Altars:


Innate Abilities, Weirdness & Mutations

You are a hulking beast.
Your limbs bulge with bestial killing power. (Slay +2)
You are too large for most types of armour.
You have tough skin. (AC +1)


Message History

You closely miss the bat. The bat barely misses you. The rat misses you.
You hit the rat.
You kill the rat!
The bat hits you but does no damage.
You hit the bat but do no damage. The bat hits you. x2
You hit the bat.
You kill the bat!
The endoplasm barely misses you.
You hit the endoplasm.
The endoplasm is heavily wounded.
The endoplasm barely misses you.
You hit the endoplasm.
You kill the endoplasm!
No target in view!
No target in view!
No target in view!
No target in view!
No target in view!
No target in view!
No target in view!
No target in view!
No target in view!
No target in view!
No target in view!
No target in view!
No target in view!
No target in view!
No target in view!
You now have 47 gold pieces (gained 11).
Key pressed, stopping explore.
Key pressed, stopping explore.
As you read the scroll labelled JYCAKO METRE, it dissolves into smoke.
It was a scroll of fog.
You see here a frilled lizard skeleton.
There is a stone staircase leading down here.
Key pressed, stopping travel.
You can't go up here!
There is a staircase leading out of the dungeon here.
Are you sure you want to leave the Dungeon?
This will make you lose the game!
You have escaped!

.####....####.# #####
##.........######...##
#.........###.......##
#>........##.........#
#.##.รท.#####.....##..##
#.##...# ##...###...#
#.##...# #...####..#
#.###.## ##...# #..# #.#
#.# #.h.###..# #.# #.#
#....#...# ##.###.#
##......## .......#
##.....# ##..########
##....# ##..........
##...## ##..########
##..#.# ##..########
#...#.# ##.........##
#..#..#


There were no monsters in sight!

Vanquished Creatures
  3 bats (D:1)
  4 endoplasms (D:1)
  2 giant cockroaches (D:1)
  A goblin (D:1)
  2 hobgoblins (D:1)
  A kobold (D:1)
  A quokka (D:1)
  A ball python (D:1)
  5 frilled lizards (D:1)
  A rat (D:1)
21 creatures vanquished.

Notes
Turn   | Place    | Note
-------+----------+-------------------------------------------
     0 | D:1      | Essalna the Ogre Shapeshifter began the quest for the Orb.
     0 | D:1      | Reached XP level 1. HP: 22/22 MP: 1/1
    80 | D:1      | Reached XP level 2. HP: 21/31 MP: 2/2
   556 | D:$      | Got out of the dungeon alive.

Illustrated notes

Levels and vault maps discovered:
D:1:      dpeg_arrival_round_c, layout_loops_ring

Skill      XL: |  1 |
---------------+----+-----
Fighting       | 3 |  3.2
Dodging        | 2 |  2.1
Unarmed Combat | 2 |  2.1
Shapeshifting  | |  3.1

Action                     || total
---------------------------++-------
  Melee: Unarmed           ||    60
    Use: Scroll            ||     1
 Armour: Animal skin       ||    17
  Dodge: Dodged            ||    29

Table legend: (Time is in decaauts)
 A = Elapsed time spent in this place.
 B = Non-inter-level travel time spent in this place.
 C = Inter-level travel time spent in this place.
 D = Time resting spent in this place.
 E = Time spent auto-exploring this place.
 F = Levels seen in this place.
 G = Mean time per level.
                   A        B        C        D        E       F      G
               +--------+--------+--------+--------+--------+-----+--------+
         Total |    553 |    478 |     75 |      0 |    364 |   1 |  553.0 |
       Dungeon |    553 |    478 |     75 |      0 |    364 |   1 |  553.0 |
               +--------+--------+--------+--------+--------+-----+--------+

Top non-repeatable levels by time:
     D:1: 553 daAuts
